 Dungeon Crawl Stone Soup version 0.29.1-1-gd02db6906a (webtiles) character file.

Game seed: 9312670959668651698

5 Hadkhar the Shooter (level 1, -1/11 HPs)
             Began as a Spriggan Hunter on Sept 30, 2022.
             Slain by a frilled lizard (3 damage)
             ... on level 1 of the Dungeon.
             The game lasted 00:01:45 (182 turns).

Hadkhar the Shooter (Spriggan Hunter)                Turns: 182, Time: 00:01:46

Health: -1/11      AC:  2    Str:  7    XL:     1   Next: 66%
Magic:  2/2        EV: 18    Int: 10    God:
Gold:   0          SH:  0    Dex: 18    Spells: 0/0 levels left

rFire   . . .      SeeInvis +   a - +0 shortbow
rCold   . . .      Faith    .   (shield currently unavailable)
rNeg    . . .      Spirit   .   c - +0 robe
rPois   .          Reflect  .   (helmet restricted)
rElec   .          Harm     .   (no cloak)
rCorr   .          Rampage  .   (gloves unavailable)
Will    .....                   (boots unavailable)
Stlth   ++........              (no amulet)
HPRegen 0.03/turn               (no ring)
MPRegen 0.08/turn               (no ring)

@: very quick
A: very small, no large weapons, unfitting armour, see invisible, speed 3
a: no special abilities


You were on level 1 of the Dungeon.
You visited 1 branch of the dungeon, and saw 1 of its levels.

Inventory:

Hand Weapons
 a - a +0 shortbow (weapon)
Armour
 c - a +0 robe (worn)
Jewellery
 e - a ring of wizardry
Scrolls
 b - a scroll of immolation
 d - a scroll of noise {unknown}


   Skills:
 + Level 1.6 Fighting
 * Level 4.1 Ranged Weapons
 + Level 2.8 Dodging
 + Level 1.9 Stealth


You couldn't memorise any spells.
You didn't know any spells.
Your spell library was empty.

Dungeon Overview and Level Annotations

Branches:
Dungeon (1/15)

Altars:


Innate Abilities, Weirdness & Mutations

You are very small and have problems with some larger weapons.
You are too small for most types of armour.
You have supernaturally acute eyesight. (SInv)
You cover ground extremely quickly. (Speed+++)


Message History

You shoot an arrow. The frilled lizard hisses angrily.
The arrow hits the endoplasm.
The endoplasm is moderately wounded.
The endoplasm freezes you.
You are frozen.
Ouch! That really hurt!
* * * LOW HITPOINT WARNING * * *
Fire: a) +0 shortbow
Press: ? - help, Q - select action Shift-Dir - straight line, f/p - endoplasm
Aim: an endoplasm (moderately wounded, 87% to hit)
You shoot an arrow.
The arrow completely misses the endoplasm.
The arrow misses the frilled lizard.
Fire: a) +0 shortbow
Press: ? - help, Q - select action Shift-Dir - straight line, f/p - endoplasm
Aim: an endoplasm (moderately wounded, 87% to hit)
You shoot an arrow. The arrow hits the endoplasm!
You kill the endoplasm!
Fire: a) +0 shortbow
Press: ? - help, Q - select action Shift-Dir - straight line, f - frilled lizard
Aim: a frilled lizard (46% to hit)
You shoot an arrow.
The arrow closely misses the frilled lizard.
The frilled lizard completely misses you.
Fire: a) +0 shortbow
Press: ? - help, Q - select action Shift-Dir - straight line, f/p - frilled lizard
Aim: a frilled lizard (46% to hit)
You shoot an arrow.
The arrow hits the frilled lizard but does no damage.
The frilled lizard bites you.
* * * LOW HITPOINT WARNING * * *
The frilled lizard bites you.
* * * LOW HITPOINT WARNING * * *
Fire: a) +0 shortbow
Press: ? - help, Q - select action Shift-Dir - straight line, f/p - frilled lizard
Aim: a frilled lizard (46% to hit)
You shoot an arrow. The arrow misses the frilled lizard.
The frilled lizard bites you.
You die...

## ### .## .. ..#
#.# ..## #####
l.# #..###...#
##.#
##.#..#.####.###
##..##...###..##
###...### ###l##
##..### ##.#@# #
##.....## #.####
###.......###†#
##...###...#'##
##..## ##....#
#...## ##..#....#
.....###...######
..#.......#'#.#
.###.....###..#


You could see a frilled lizard.

Vanquished Creatures
  A dart slug (D:1)
  An endoplasm (D:1)
  A hobgoblin (D:1)
3 creatures vanquished.

Notes
Turn   | Place    | Note
-------+----------+-------------------------------------------
     0 | D:1      | Hadkhar the Spriggan Hunter began the quest for the Orb.
     0 | D:1      | Reached XP level 1. HP: 10/10 MP: 2/2
   182 | D:1      | Slain by a frilled lizard

Illustrated notes

Levels and vault maps discovered:
D:1:      dpeg_cavernosity, layout_loops_ring, dreamdust_ecumenical_altar_grove,
          minmay_misc_feat_x

Action                   || total
-------------------------++-------
 Fire: Shortbow          ||    12
Dodge: Dodged            ||     4
